 Dungeon Crawl Stone Soup version 0.30-a0-218-gedb9141078 (webtiles) character file.

Game seed: 15600418417267775150

525 themarg the Ruffian (level 7, -7/66 HPs)
             Began as a Troll Fighter on Oct 5, 2022.
             Succumbed to Duvessa's poison
             ... on level 4 of the Dungeon.
             The game lasted 00:10:59 (2765 turns).

themarg the Ruffian (Troll Fighter)                 Turns: 2765, Time: 00:11:00

Health: -7/66      AC:  4    Str: 24 (27) XL:     7   Next: 2%
Magic:  6/6        EV:  8    Int:  1 (4)  God:
Gold:   187        SH:  8    Dex:  8 (9)  Spells: 6/6 levels left

rFire   . . .      SeeInvis .      - Unarmed
rCold   . . .      Faith    .    b - +0 kite shield
rNeg    . . .      Spirit   .    a - +0 robe
rPois   .          Reflect  .    (helmet restricted)
rElec   .          Harm     .    (no cloak)
rCorr   .          Rampage  .    (gloves unavailable)
Will    .....                    (boots unavailable)
Stlth   +.........               (no amulet)
HPRegen 1.11/turn                (no ring)
MPRegen 0.10/turn                (no ring)

@: lethally poisoned (-7 -> -35), very slow
A: large, unfitting armour, claws 3, regeneration 1, shaggy fur 1, tough skin 1
a: no special abilities


You were on level 4 of the Dungeon.
You visited 1 branch of the dungeon, and saw 4 of its levels.

You collected 187 gold pieces.

Inventory:

Armour
 a - a +0 robe (worn)
 b - a +0 kite shield (worn)
Jewellery
 i - a ring of magical power
 m - the ring of Bist {rElec rC+ Str+2 Slay-6}
   (You found it on level 2 of the Dungeon)

   [ring of protection from cold]

   Str:       It affects your strength (+2).
   Slay:      It affects your accuracy & damage with ranged weapons and melee
   (-6).
   rC:        It protects you from cold.
   rElec:     It insulates you from electricity.
 n - a ring of ice
Wands
 o - a wand of flame (26)
Scrolls
 d - a scroll of teleportation {unknown}
 g - 5 scrolls of identify {unknown}
 k - a scroll of blinking {unknown}
 p - 4 scrolls of vulnerability {unknown}
 q - a scroll of brand weapon {unknown}
 t - a scroll of magic mapping {unknown}
Potions
 c - 2 potions of might
 e - a potion of curing {unknown}
 f - a potion of berserk rage {unknown}
 h - 3 potions of degeneration
 j - a potion of resistance {unknown}
 l - a potion of mutation {unknown}
 r - a potion of lignification {unknown}
 s - a potion of magic {unknown}


   Skills:
 - Level 2.4 Fighting
 - Level 2.4 Dodging
 - Level 5.0 Shields
 + Level 6.1 Unarmed Combat


You had 6 spell levels left.
You didn't know any spells.
Your spell library contained the following spells:

 Spells                   Type           Power      Damage    Failure   Level
 Cause Fear               Hex            0%         N/A       100%        4
 Dragon Form              Tmut           0%         N/A       100%        7
 Dragon's Call            Summ           0%         N/A       100%        9


Dungeon Overview and Level Annotations

Branches:
Dungeon (4/15)
 Temple: D:4-7

Altars:
Ashenzari
Wu Jian

Shops:
D:4 [

Annotations:
D:4 9 exclusions, Dowan, Duvessa


Innate Abilities, Weirdness & Mutations

You are too large for most types of armour.
You have claws for hands.
Your natural rate of healing is unusually fast.
You are covered in fur. (AC +1)
You have tough skin. (AC +1)


Message History

You closely miss the river rat.
You feel very sick. The adder bites you.
You are more poisoned.
The adder poisons you! You block the endoplasm's attack.
Duvessa barely misses you. The worm bites you. The adder barely misses you.
The river rat bites you but does no damage.
You claw the adder!
The adder is almost dead.
You feel very sick.
Duvessa splashes around in the water.
The endoplasm freezes you.
You are frozen.
The adder bites you.
Duvessa splashes around in the water.
You block the river rat's attack.
You closely miss the adder.
The adder is almost dead.
You feel very sick.
The endoplasm splashes around in the water.
The adder barely misses you. Duvessa hits you but does no damage.
You are more poisoned.
The worm splashes around in the water.
You block the river rat's attack.
You closely miss the adder.
The adder is almost dead.
You feel very sick.
Duvessa hits you with a +1 rapier of venom.
* * * LOW HITPOINT WARNING * * *
You are lethally poisoned!
The adder closely misses you. The endoplasm freezes you.
You are frozen.
* * * LOW HITPOINT WARNING * * *
Duvessa hits you with a +1 rapier of venom!
* * * LOW HITPOINT WARNING * * *
You are more poisoned.
The river rat bites you.
* * * LOW HITPOINT WARNING * * *
It was a potion of degeneration.
There was something very wrong with that liquid.
You feel weakened.
You feel dopey.
You feel clumsy.
You die...

#.#.###
#.###~#
#..#~~~
#$##~~~
#e# #~#
#.# #~#
#.# #~#
#.###r##
#.##~@S#
#.##Jwe#
#e###e##
#...#.#
###...#
#####


You could see Duvessa (fast), Dowan, a worm, an adder, a river rat and an
endoplasm.

Vanquished Creatures
  Sigmund (D:2)
  A necrophage (D:4)
  A hound (D:4)
  An orc priest (D:3)
  Jessica (D:2)
  Terence (D:2)
  Natasha (D:4)
  Robin (D:2)
  4 gnolls (D:4)
  6 adders
  2 dart slugs
  2 orcs (D:3)
  5 ball pythons
  6 endoplasms
  3 giant cockroaches
  9 goblins
  4 hobgoblins
  4 jackals (D:2)
  4 quokkas
  3 bats
  A frilled lizard (D:3)
  8 kobolds
  3 rats
72 creatures vanquished.

Notes
Turn   | Place    | Note
-------+----------+-------------------------------------------
     0 | D:1      | themarg the Troll Fighter began the quest for the Orb.
     0 | D:1      | Reached XP level 1. HP: 22/22 MP: 0/0
   358 | D:1      | Reached XP level 2. HP: 29/29 MP: 1/1
   749 | D:2      | Noticed Sigmund
   811 | D:2      | Reached XP level 3. HP: 34/36 MP: 2/2
   861 | D:2      | Noticed Jessica
   870 | D:2      | Killed Jessica
   871 | D:2      | Reached skill level 3 in Unarmed Combat
   890 | D:2      | Noticed Robin
   900 | D:1      | Reached XP level 4. HP: 44/44 MP: 3/3
   954 | D:2      | Noticed Terence
   967 | D:2      | Killed Terence
   989 | D:2      | Killed Robin
  1118 | D:2      | Identified the ring of Bist {rElec rC+ Str+2 Slay-6}
  1358 | D:2      | Killed Sigmund
  1359 | D:2      | Reached skill level 4 in Unarmed Combat
  1359 | D:2      | Reached XP level 5. HP: 50/50 MP: 4/4
  1359 | D:2      | Reached XP level 6. HP: 59/59 MP: 5/5
  1677 | D:3      | Found a faded altar of an unknown god.
  2005 | D:3      | Found an ornate altar of the Wu Jian Council.
  2526 | D:4      | Reached skill level 5 in Shields
  2529 | D:4      | Reached skill level 5 in Unarmed Combat
  2529 | D:4      | Found a broken altar of Ashenzari.
  2583 | D:4      | Noticed Natasha
  2587 | D:4      | Killed Natasha
  2645 | D:4      | Found Paerad's Armour Emporium.
  2661 | D:4      | Reached skill level 6 in Unarmed Combat
  2683 | D:4      | Noticed Dowan
  2685 | D:4      | Noticed Duvessa
  2711 | D:4      | Reached XP level 7. HP: 66/66 MP: 6/6
  2764 | D:4      | HP: 1/66 [river rat (4)]
  2765 | D:4      | Succumbed to Duvessa's poison

Illustrated notes

Levels and vault maps discovered:
D:1:      minmay_arrival_doors, layout_loops_ring
D:2:      layout_loops_ring, uniq_robin, uniq_terence, uniq_sigmund,
          uniq_jessica
D:3:      layout_basic, nicolae_wu_jian_glorious_leap,
          hellmonk_ecumenical_altar_run_dry
D:4:      layout_basic, kennysheep_little_box, cheibrodos_ashenzari_chains,
          gup_sewer_entry_bubbles, serial_shops, nicolae_shop_stone,
          nrook_mini_backslash, corexii_checkpoint_b, uniq_duvessa,
          uniq_natasha, uniq_crazy_yiuf_cottage

Skill      XL: |  1  2  3  4  5  6 |
---------------+-------------------+-----
Shields        | 3 4 5 |  5.0
Unarmed Combat | 3 4 6 |  6.1
Fighting       | |  2.4
Dodging        | |  2.4

Action                   |  1- 3 |  4- 6 |  7- 9 || total
-------------------------+-------+-------+-------++-------
Melee: Unarmed           |    82 |   117 |    10 ||   209
  Use: Potion            |       |       |     1 ||     1
 Stab: Sleeping          |       |     1 |       ||     1
Armor: Robe              |    22 |    33 |     5 ||    60
Dodge: Dodged            |    30 |    50 |    11 ||    91
Block: Kite shield       |    25 |    47 |     8 ||    80

Table legend: (Time is in decaauts)
 A = Elapsed time spent in this place.
 B = Non-inter-level travel time spent in this place.
 C = Inter-level travel time spent in this place.
 D = Time resting spent in this place.
 E = Time spent auto-exploring this place.
 F = Levels seen in this place.
 G = Mean time per level.
                   A        B        C        D        E       F      G
               +--------+--------+--------+--------+--------+-----+--------+
         Total |   2779 |   2613 |    166 |     20 |   1890 |   4 |  694.8 |
       Dungeon |   2779 |   2613 |    166 |     20 |   1890 |   4 |  694.8 |
               +--------+--------+--------+--------+--------+-----+--------+

Top non-repeatable levels by time:
     D:3: 936 daAuts
     D:2: 800 daAuts
     D:1: 786 daAuts
     D:4: 256 daAuts
